 Dungeon Crawl Stone Soup version 0.19-a0-1889-g9c603be (webtiles) character file.

42 dvd the Stinger (level 3, -5/21 HPs)
             Began as an Octopode Venom Mage on Oct 17, 2016.
             Slain by a kobold
             ... wielding a +0 short sword
              (7 damage)
             ... on level 1 of the Dungeon.
             The game lasted 00:03:56 (1654 turns).

dvd the Stinger (Octopode Venom Mage)               Turns: 1654, Time: 00:03:58

Health: -5/21      AC:  1    Str:  7    XL:     3   Next: 54%
Magic:  2/6        EV: 13    Int: 18    God:
Gold:   40         SH:  0    Dex: 12    Spells: 1 memorised, 5 levels left

rFire  . . .     SeeInvis .     f - +0 dagger
rCold  . . .     Gourm    .     (no shield)
rNeg   . . .     Faith    .     (helmet restricted)
rPois  .         Spirit   .     r - amulet of rage
rElec  .         Reflect  .     c - ring of stealth
rCorr  .         Harm     .     o - ring of stealth
MR     .....                    (no ring)
Stlth  +++++.....               (no ring)
                                (no ring)
                                (no ring)
                                (no ring)
                                (no ring)

@: lethally poisoned (-5 -> -16), very slightly contaminated
A: almost no armour, stealthy swim, amphibious, 8 rings, constrict 8, camouflage
1, gelatinous body 1
a: Evoke Berserk Rage


You were on level 1 of the Dungeon.
You were not hungry.

You visited 1 branch of the dungeon, and saw 2 of its levels.

You collected 40 gold pieces.

Inventory:

Hand Weapons
 f - a +0 dagger (weapon)
Jewellery
 c - a ring of stealth (left tentacle)
 o - a ring of stealth (right tentacle)
 r - an amulet of rage (around mantle)
 u - an uncursed amulet of guardian spirit
Scrolls
 g - a scroll of identify {unknown}
 i - 3 scrolls of noise {unknown}
 j - a scroll of teleportation {unknown}
 l - a scroll of magic mapping {unknown}
 q - a scroll of blinking {unknown}
 s - 3 scrolls of remove curse {unknown}
 t - a scroll of immolation {unknown}
Potions
 e - a potion of might {unknown}
 h - a potion of agility {unknown}
 k - a potion of haste {unknown}
 n - a potion of mutation {unknown}
Books
 a - a Young Poisoner's Handbook

   Spells                             Type                      Level
   a - Sting                          Conjuration/Poison           1
   b - Mephitic Cloud                 Conjuration/Poison/Air       3
   c - Olgreb's Toxic Radiance        Poison                       4
   d - Alistair's Intoxication        Transmutation/Poison         5
   e - Venom Bolt                     Conjuration/Poison           5
Comestibles
 b - a bread ration
 m - a meat ration


   Skills:
 + Level 2.1 Dodging
 + Level 2.8 Stealth
 + Level 2.3 Spellcasting
 + Level 0.8 Conjurations
 + Level 5.6 Poison Magic


You had 5 spell levels left.
You knew the following spells:

 Your Spells              Type           Power        Failure   Level  Hunger
a - Sting                 Conj/Pois      ##..         6%          1    #......


Dungeon Overview and Level Annotations

Branches:
Dungeon (2/15)

Altars:


Innate Abilities, Weirdness & Mutations

You cannot wear most types of armour.
You are very stealthy in the water. (Stealth+)
You are amphibious.
You can wear up to eight rings at the same time.
You can use your tentacles to constrict eight enemies at once.
Your skin changes colour to match your surroundings (Stealth+).
Your rubbery body absorbs attacks. (AC +1, EV +1)


Message History

The kobold hits you with a short sword.
Unknown command.
Casting: Sting
Confirm with . or Enter, or press ? or * to list all spells.
Aiming: Sting
Press: ? - help, Shift-Dir - straight line, f - kobold
Aim: a kobold, wielding a short sword The sting hits the kobold.
The kobold is severely wounded.
The adder bites you.
You are poisoned.
The adder poisons you! The kobold barely misses you.
Unknown command.
You completely miss the adder. Your grab misses the adder.
The adder is almost dead.
You feel sick. The adder bites you.
* * * LOW HITPOINT WARNING * * *
You are more poisoned.
The adder poisons you! The kobold hits you with a short sword!
You die...

#.........................#
#.###.#######.#..##########
######.###.#######....#########
..............................#
#####.................#########
#...##.#######....# ###
#...#..(.....)....# #.#
#####...#........K....####.#
................@S....)....#
........#.......)..........####
........+.....................#
...##.#.#.............##.####.#
#..##.#.###.####......##.####.###
#..##.#......)...................
.........#..#######.#.##.####.###
...##..........# #.#.##.####.###
#..##.#..#..##.# #.#............


You could see an adder and a kobold.

Vanquished Creatures
  A dart slug (D:1)
  A giant cockroach (D:1)
  4 goblins
  6 hobgoblins (D:1)
  5 jackals
  6 kobolds (D:1)
  2 ball pythons
  5 bats (D:1)
  2 frilled lizards (D:1)
  2 rats (D:1)
34 creatures vanquished.

Notes
Turn   | Place    | Note
-------+----------+-------------------------------------------
     0 | D:1      | dvd the Octopode Venom Mage began the quest for the Orb.
     0 | D:1      | Reached XP level 1. HP: 11/11 MP: 3/3
   102 | D:1      | Reached skill level 5 in Poison Magic
   278 | D:1      | Reached XP level 2. HP: 17/17 MP: 0/5
   849 | D:1      | Reached XP level 3. HP: 21/21 MP: 3/6
  1654 | D:1      | Slain by a kobold

Vault maps used:
D:1:      minmay_arrival_hallway
D:2:      nicolae_ru_the_path_less_chosen, old_standard_altar, first_bread,
          st_stairs_14, minmay_crystal_room

Skill      XL: |  1 |
---------------+----+-----
Poison Magic   | 5 |  5.6
Dodging        | |  2.1
Stealth        | |  2.8
Spellcasting   | |  2.3
Conjurations   | |  0.8

Action                   || total
-------------------------++-------
Melee: Dagger            ||    26
       Unarmed           ||     3
       Constrict         ||     8
       Tentacles         ||     5
 Cast: Sting             ||    50
  Use: Potion            ||     2
 Stab: Sleeping          ||     4
  Eat: Chunk             ||     3
Armor: Skin              ||    12
Dodge: Dodged            ||    56
